 Dungeon Crawl Stone Soup version 0.26-a0-712-ga5a9c9c9d0 (webtiles) character file.

Game seed: 12581091460345199939

53 qwer1234 the Skirmisher (level 3, -2/33 HPs)
             Began as a Ghoul Fighter on Nov 1, 2020.
             Splashed by a jelly's acid (3 damage)
             ... on level 2 of the Dungeon.
             The game lasted 00:01:16 (977 turns).

qwer1234 the Skirmisher (Ghoul Fighter)              Turns: 977, Time: 00:01:17

Health: -2/33      AC: -9    Str: 20    XL:     3   Next: 87%
Magic:  2/2        EV:  9    Int:  3    God:
Gold:   93         SH:  0    Dex:  8    Spells: 2/2 levels left

rFire    . . .     SeeInvis .   a - +0 war axe
rCold    + . .     Faith    .   (no shield)
rNeg     + + +     Spirit   .   b - +0 scale mail
rPois    ∞         Reflect  .   (no helmet)
rElec    .         Harm     .   (no cloak)
rCorr    .         Rampage  .   (no gloves)
MR       .....                  (no boots)
Stlth    ..........             (no amulet)
HPRegen  0.00/turn              (no ring)
MPRegen  0.08/turn              (no ring)

@: corroded
A: rotting body, claws 1, cold resistance 1, negative energy resistance 3,
inhibited regeneration, torment resistance, unbreathing
a: no special abilities


You were on level 2 of the Dungeon.
You visited 1 branch of the dungeon, and saw 2 of its levels.

You collected 93 gold pieces.

Inventory:

Hand Weapons
 a - a +0 war axe (weapon)
Armour
 b - a +0 scale mail (worn)
 c - a +0 kite shield
Scrolls
 f - a scroll of teleportation {unknown}
 g - a scroll of enchant armour {unknown}
 h - a scroll of remove curse {unknown}
 i - a scroll of identify {unknown}
Potions
 d - 2 potions of might
 e - a potion of mutation {unknown}
 j - a potion of curing {unknown}


   Skills:
 * Level 4.1 Fighting
 * Level 2.7 Axes
 - Level 2.6 Armour
 - Level 2.6 Shields
 + Level 1.4 Unarmed Combat


You had 2 spell levels left.
You didn't know any spells.
Your spell library was empty.

Dungeon Overview and Level Annotations

Branches:
Dungeon (2/15)

Altars:


Innate Abilities, Weirdness & Mutations

Your body is rotting away.
You thrive by killing the living.
You are immune to poison.
You have sharp fingernails.
Your flesh is cold resistant. (rC+)
You are immune to negative energy. (rN+++)
You do not regenerate when monsters are visible.
You are immune to unholy pain and torment.
You can survive without breathing.


Message History

The jelly is lightly wounded.
The jelly barely misses you. The jelly completely misses you.
You hit the jelly but do no damage.
Your claws burn!
The jelly is lightly wounded.
The jelly hits you. The acid corrodes you!
You are splashed with acid.
You hit the jelly but do no damage.
Your claws burn!
You claw the jelly, but do no damage.
The jelly is lightly wounded.
The jelly barely misses you.
You slash the jelly! The acid corrodes you!
Your claws burn!
The jelly is heavily wounded.
The jelly barely misses you. The jelly hits you. The acid corrodes you!
You are splashed with acid!
* * * LOW HITPOINT WARNING * * *
You hit the jelly but do no damage.
Your claws burn!
* * * LOW HITPOINT WARNING * * *
The jelly is heavily wounded.
The jelly closely misses you.
You slash the jelly!
Your claws burn!
You die...

### #.##### #..<#..
##########.###.#########
.........#.# #.#@J......
########.#.# #.#.#######
#.#.# #.#'#####
#.#.###.......#
#.#...........#
#.##..........# ..
.####.##.(..#+##### ...
....##....'....†....#
... .
..##.#.##>..........# ..


You could see a jelly.

Vanquished Creatures
  3 adders (D:2)
  2 worms (D:2)
  5 giant cockroaches
  2 hobgoblins
  2 bats
  A frilled lizard (D:2)
  2 goblins (D:2)
  2 kobolds
  4 rats
23 creatures vanquished.

Notes
Turn   | Place    | Note
-------+----------+-------------------------------------------
     0 | D:1      | qwer1234 the Ghoul Fighter began the quest for the Orb.
     0 | D:1      | Reached XP level 1. HP: 19/19 MP: 0/0
   353 | D:1      | Reached XP level 2. HP: 22/26 MP: 1/1
   423 | D:1      | You fall into a shaft and drop 1 floor!
   448 | D:2      | Reached skill level 1 in Unarmed Combat
   639 | D:2      | Reached XP level 3. HP: 31/33 MP: 2/2
   726 | D:2      | Reached skill level 4 in Fighting
   976 | D:2      | HP: 1/33 [acid (2)]
   977 | D:2      | Splashed by a jelly's acid

Illustrated notes

Levels and vault maps discovered:
D:1:      lemuel_arrival_room, layout_loops_ring
D:2:      layout_basic

Skill      XL: |  1  2  3 |
---------------+----------+-----
Axes           | 2 |  2.7
Unarmed Combat | 1 |  1.4
Fighting       | 4 |  4.1
Armour         | |  2.6
Shields        | |  2.6

Action                   || total
-------------------------++-------
Melee: War axe           ||    81
       Punch             ||     1
Armor: Scale mail        ||    64
Dodge: Dodged            ||    69

Table legend: (Time is in decaauts)
 A = Elapsed time spent in this place.
 B = Non-inter-level travel time spent in this place.
 C = Inter-level travel time spent in this place.
 D = Time resting spent in this place.
 E = Time spent auto-exploring this place.
 F = Levels seen in this place.
 G = Mean time per level.
                   A        B        C        D        E       F      G
               +--------+--------+--------+--------+--------+-----+--------+
         Total |   1007 |   1007 |      0 |      0 |    741 |   2 |  503.5 |
       Dungeon |   1007 |   1007 |      0 |      0 |    741 |   2 |  503.5 |
               +--------+--------+--------+--------+--------+-----+--------+

Top non-repeatable levels by time:
     D:2: 573 daAuts
     D:1: 433 daAuts
